[Event "NJSK 2026 Jeugd C"]
[Site "Helmond, Netherlands"]
[Date "2026.04.30"]
[Round "8.9"]
[White "De Wit, Jim"]
[Black "Uitermark, Imre"]
[Result "0-1"]
[TimeControl "90min/40moves + 30sec/move"]
[WhiteTitle "-"]
[BlackTitle "-"]
[WhiteFideId "1097326"]
[BlackFideId "40105199"]
[WhiteElo "1749"]
[BlackElo "1957"]

1. e4 e6 2. d4 d5 3. Nc3 dxe4 4. Nxe4 Nd7 5. Nf3 Ngf6 6. Ng3 b6 7. Be2 Bb7 8. O-O Be7 9. c3 O-O 10.
Re1 c5 11. dxc5 Nxc5 12. Be3 Qc7 13. Bd4 Rfd8 14. Qc2 Rac8 15. Nd2 Na6 16. Bxa6 Bxa6 17. Nf3 h6 18. Be5 Qc4 19. b3 Qc5 20.
Bxf6 Bxf6 21. Ne4 Qe7 22. Nxf6+ Qxf6 23. Rac1 Bb7 24. Nd2 Bxg2 25. f3 Bxf3 26. Rf1 Qg5+ 27. Kf2 Rxd2+ 0-1

[Event "NJSK 2026 Jeugd C"]
[Site "Helmond, Netherlands"]
[Date "2026.04.30"]
[Round "8.10"]
[White "Ozbek, Ahmet Naim"]
[Black "Suthan, Aadvik"]
[Result "1/2-1/2"]
[TimeControl "90min/40moves + 30sec/move"]
[WhiteTitle "-"]
[BlackTitle "-"]
[WhiteFideId "40101975"]
[BlackFideId "1095765"]
[WhiteElo "1869"]
[BlackElo "1822"]

1. d4 Nf6 2. c4 e6 3. g3 d5 4. Nf3 Bb4+ 5. Bd2 Be7 6. Bg2 c6 7. O-O O-O 8. Bf4 Nbd7 9. Nc3 b6 10.
cxd5 exd5 11. Rc1 Bb7 12. Qb3 Re8 13. Rfd1 Bf8 14. a4 h6 15. h3 Qe7 16. Ne1 Rac8 17. Nd3 Ba6 18. Be3 Red8 19.
Qa2 Ne8 20. a5 b5 21. Bf4 b4 22. Na4 Bc4 23. b3 Bb5 24. Rc2 Nef6 25. Ndc5 Nxc5 26. Nxc5 Ne4 27. Nxe4 dxe4 28. Qb1 Rd7 29.
Rcd2 f5 30. Bf1 Rcd8 31. e3 Rd5 32. Bxb5 Rxb5 33. Qc2 Qe6 34. Rc1 Qd5 35. Qxc6 Qxc6 36. Rxc6 Rxa5 37. Bc7 Ra1+ 38. Kg2 Rd7 39.
d5 Ra3 40. d6 Rxb3 41. Ra2 Rd3 42. Rxa7 b3 43. Rb7 Bxd6 44. Rb8+ Kh7 45. Bxd6 R7xd6 46. Rxd6 Rxd6 47. Rxb3 1/2-1/2

[Event "NJSK 2026 Jeugd C"]
[Site "Helmond, Netherlands"]
[Date "2026.04.30"]
[Round "8.11"]
[White "Huang, Vincent"]
[Black "Nair, Pranav Prasobh"]
[Result "1/2-1/2"]
[TimeControl "90min/40moves + 30sec/move"]
[WhiteTitle "-"]
[BlackTitle "-"]
[WhiteFideId "40104184"]
[BlackFideId "40109135"]
[WhiteElo "1855"]
[BlackElo "1747"]

1. d4 Nf6 2. c4 e6 3. Nc3 Bb4 4. Bd2 c5 5. e3 cxd4 6. exd4 d5 7. a3 Bxc3 8. Bxc3 Ne4 9. Qc2 Nxc3 10.
Qxc3 Nc6 11. Nf3 O-O 12. Bd3 dxc4 13. Bxc4 Bd7 14. O-O Rc8 15. Qd3 a6 16. b4 Ne7 17. Rfe1 Bc6 18. Ne5 Bd5 19.
Rac1 b5 20. Bxd5 Qxd5 21. h3 Nc6 22. Nf3 h6 23. Rc5 Qd6 24. Rec1 Ne7 25. Qe4 Rcd8 26. Kf1 Qb6 27. Qe5 Nd5 28.
g4 a5 29. g5 f6 30. Qe2 fxg5 31. Rc6 Qb8 32. Qxe6+ Kh8 33. Ne5 Nf4 34. Qe7 Rxd4 35. Rc7 Rg8 36. Nf7+ Kh7 37. Nxh6 Kxh6 38.
R7c6+ Ng6 39. Qe6 Qe8 40. Re1 Qxe6 41. Rexe6 axb4 42. Rxg6+ Kh7 43. Rxg5 g6 44. axb4 Rxb4 45. Rb6 Rh4 46.
Kg2 b4 47. Rgb5 Rf8 48. Rxb4 Rxb4 49. Rxb4 g5 50. Rb6 Rf4 51. Kg3 Kg7 52. Rb5 Kh6 53. Rb6+ Kg7 54. f3 Kh7 55. Re6 Kg7 56.
Re4 Rf6 57. h4 gxh4+ 58. Rxh4 Rb6 59. Rg4+ Kf7 60. Rf4+ Kg7 61. Re4 Kf7 62. f4 Rb5 63. Kg4 Rc5 64. Ra4 Rd5 65. Ra7+ Kf8 66.
f5 Rd6 67. Kg5 Rc6 68. Rb7 Ra6 69. Rh7 Rb6 70. Rh6 Rxh6 71. Kxh6 Kf7 72. Kg5 Kg7 73. f6+ Kf7 74. Kf5 Kf8 75. Kg6 Kg8 1/2-1/2

[Event "NJSK 2026 Jeugd C"]
[Site "Helmond, Netherlands"]
[Date "2026.04.30"]
[Round "8.12"]
[White "Huang, Ziyang"]
[Black "Shaikh, Rushaan"]
[Result "0-1"]
[TimeControl "90min/40moves + 30sec/move"]
[WhiteTitle "-"]
[BlackTitle "-"]
[WhiteFideId "40105288"]
[BlackFideId "40113604"]
[WhiteElo "1721"]
[BlackElo "1842"]

1. e4 g6 2. d4 Bg7 3. Nc3 d6 4.
f4 Nc6 5. Nf3 Bg4 6. Be3 Bxf3 7. gxf3 d5 8. e5 Nh6 9. a3 Nf5 10. Bf2 Bh6 11. Qd2 e6 12. h4 a6 13. O-O-O Qe7 14.
Bh3 O-O-O 15. Bxf5 gxf5 16. h5 Rdg8 17. Bh4 Qf8 18. Bg5 b6 19. Rhg1 Bxg5 20. Rxg5 h6 21. Rg2 Rxg2 22. Qxg2 Rg8 23.
Qf1 Kb7 24. Ne2 Qg7 25. c3 Na5 26. Qg1 Qg2 27. Qxg2 Rxg2 28. Re1 Nc4 29. b3 Nxa3 30. Kd2 c5 31. Rg1 Rxg1 32. Nxg1 Nb5 33.
Nh3 cxd4 34. Ng5 dxc3+ 35. Kd3 d4 36. Nxf7 Na3 37. Nxh6 c2 38. Kd2 d3 39. Nxf5 Nb1+ 40. Kc1 exf5 41.
h6 Nc3 0-1

[Event "NJSK 2026 Jeugd C"]
[Site "Helmond, Netherlands"]
[Date "2026.04.30"]
[Round "8.13"]
[White "Fu, Ziqing"]
[Black "Okita, Ryoga"]
[Result "0-1"]
[TimeControl "90min/40moves + 30sec/move"]
[WhiteTitle "-"]
[BlackTitle "-"]
[WhiteFideId "40109623"]
[BlackFideId "1090666"]
[WhiteElo "1810"]
[BlackElo "1812"]

1. e4 c5 2. Nf3 d6 3. d4 cxd4 4. Nxd4 Nf6 5. Nc3 a6 6. Be3 e5 7. Nb3 Be6 8. Nd5 Nbd7 9. Nxf6+ Nxf6 10. Bd3 Ng4 11. Qd2 Be7 12. O-O O-O 13.
Qe2 Rc8 14. Bd2 Bg5 15. Rad1 Bxd2 16. Nxd2 b5 17. c4 b4 18. Rc1 a5 19. Rfd1 Qb6 20. Nf3 h6 21. Nd2 Rfd8 22. Nf1 Rc6 23.
h3 Nf6 24. Ne3 Rdc8 25. Qd2 Nh5 26. Be2 Nf4 27. b3 Qd8 28. Bg4 Qg5 29. Kh2 Kf8 30. Bf3 Qh4 31. Bg4 Qg5 32. Bf3 Qf6 33.
Bg4 h5 34. Nd5 Qh6 35. Bf3 Bxd5 36. cxd5 Rc5 37. Qe3 h4 38. Bg4 R8c7 39. Qd2 Ng6 40. Qxh6 gxh6 41. Rxc5 Rxc5 42. Rd2 Rc3 43. Bf3 Nf4 44. Rb2 Nd3 45.
Rd2 Ke7 46. Bd1 Kf6 47. g3 Kg5 48. f3 hxg3+ 49. Kxg3 Nf4 50. Bc2 Kf6 51. Rf2 h5 52. h4 Ke7 53. Rd2 Kd7 54. Rf2 Kc7 55.
Rd2 Kb6 56. Rf2 Kc5 57. Rd2 f6 58. Kf2 Kb5 59. Kg3 Ng6 60. Rf2 Kc5 61. Rd2 Ne7 62. Kf2 Nc8 63. Bd3 Na7 64. Bc2 Nb5 65.
Kg3 Nd4 66. Bd1 Rc1 67. Kf2 Nb5 68. Bc2 Nc3 69. Bd3 Ra1 70. Kg3 Rxa2 71. Rxa2 Nxa2 72. Bc2 Kd4 73. f4 Nc1 74. Bd1 Kc3 75.
Bxh5 Nd3 76. f5 Nf4 77. Bd1 Kd2 78. Bf3 Kc2 79. h5 Nxh5+ 80. Bxh5 Kxb3 81. Bd1+ Kc3 82. Kh4 b3 83. Bxb3 Kxb3 84.
Kh5 a4 85. Kg6 a3 86. Kxf6 a2 87. Ke6 a1=Q 88. Kxd6 Qd4 89. f6 Qxe4 90. f7 Qf3 91. Ke7 Qxd5 92. f8=Q Qc5+ 93. Kf7 Qxf8+ 94. Kxf8 e4 95. Kf7 e3 96. Ke6 e2 97. Kd5 e1=Q 98. Kd4 Qe6 99. Kd3 Qg4 100. Kd2 Qf3 101. Ke1 Qg2 102. Kd1 Qf2 103.
Kc1 Qc2# 0-1

[Event "NJSK 2026 Jeugd C"]
[Site "Helmond, Netherlands"]
[Date "2026.04.30"]
[Round "8.14"]
[White "Ngangbam, Chingthang"]
[Black "Cubuk, Armin"]
[Result "1-0"]
[TimeControl "90min/40moves + 30sec/move"]
[WhiteTitle "-"]
[BlackTitle "-"]
[WhiteFideId "1086510"]
[BlackFideId "40105423"]
[WhiteElo "1937"]
[BlackElo "1881"]

1. e4 e5 2. Nf3 Nc6 3. Bc4 Nf6 4. d3 Bc5 5. c3 d6 6. O-O O-O 7. Nbd2 h6 8. a4 a5 9. Re1 Re8 10.
Qb3 Qe7 11. h3 Bb6 12. Nf1 Be6 13. Be3 Bxc4 14. dxc4 Ra6 15. Qa3 Nb8 16. b4 Nbd7 17. Qb3 Qe6 18. N3d2 Bxe3 19. Nxe3 Rb6 20.
Nd5 Nxd5 21. cxd5 Qg6 22. Nc4 Ra6 23. Nxa5 Nf6 24. Qc4 Nh5 25. Re3 Rf8 26. Nxb7 Ra7 27. Na5 Raa8 28. Nc6 Rae8 29.
a5 f5 30. a6 Nf4 31. Rg3 Qh5 32. Ra2 fxe4 33. Qxe4 Qd1+ 34. Kh2 Qxd5 35. Qxd5+ Nxd5 36. c4 Nb6 37. Rc3 Ra8 38. b5 Rf4 39.
Ne7+ Kf7 40. Nd5 Rxc4 41. Nxb6 Rxc3 42. Nxa8 d5 43. a7 d4 44. Nxc7 d3 45. a8=Q Rxc7 46. Qd5+ Kf6 47. Qd6+ 1-0

[Event "NJSK 2026 Jeugd C"]
[Site "Helmond, Netherlands"]
[Date "2026.04.30"]
[Round "8.15"]
[White "Bajnath, Dhanesh"]
[Black "Nguyen, Paul"]
[Result "0-1"]
[TimeControl "90min/40moves + 30sec/move"]
[WhiteTitle "-"]
[BlackTitle "-"]
[WhiteFideId "40104842"]
[BlackFideId "1095072"]
[WhiteElo "1889"]
[BlackElo "1845"]

1. e4 e5 2. Nf3 Nc6 3. Bc4 Bc5 4.
d3 d6 5.
c3 Nf6 6. Nbd2 a6 7. a4 Be6 8. O-O O-O 9. h3 h6 10. Re1 Re8 11. Bxe6 fxe6 12. Nc4 Qd7 13. Be3 Bxe3 14. Nxe3 d5 15.
Qc2 b6 16. Rad1 a5 17. Qb1 Qd6 18. d4 Nxe4 19. Nc4 Qd7 20. dxe5 Nc5 21. b3 Qe7 22. Ne3 Rad8 23. Nc2 Rf8 24.
Ncd4 Nxd4 25. Rxd4 Ne4 26. Qc2 Qc5 27. Re3 c6 28. Rdd3 b5 29. axb5 cxb5 30. Re2 Rc8 31. Ree3 Rc7 32. Qa2 b4 33. cxb4 axb4 34. Rd4 Rxf3 35. Rdxe4 dxe4 36.
gxf3 exf3 37. Qa8+ Rc8 38. Qxf3 Rf8 39. Qg4 Rf5 40. Qe2 Qd5 41. f3 Rf4 42. Re4 Rf5 43. Kf1 Qxb3 44. Re3 Qd5 45.
Kf2 Qd4 46. Qb5 Kh7 47. Ke2 Rh5 48. Re4 Qb2+ 49. Ke3 Rxh3 50.
Qxb4 Qc1+ 51. Ke2 Rh2+ 52. Kd3 Rb2 53. Qe1 Rb3+ 54. Kd4 Qc6 55. Qa5 Qd7+ 56. Kc4 Rb1 57. Re3 Rc1+ 58. Kb4 Qd4+ 0-1

[Event "NJSK 2026 Jeugd C"]
[Site "Helmond, Netherlands"]
[Date "2026.04.30"]
[Round "8.17"]
[White "Mendelsohn, Saffran"]
[Black "Brorens, Victor"]
[Result "1-0"]
[TimeControl "90min/40moves + 30sec/move"]
[WhiteTitle "-"]
[BlackTitle "-"]
[WhiteFideId "40108996"]
[BlackFideId "1095307"]
[WhiteElo "1767"]
[BlackElo "1911"]

1. e4 e5 2. Nf3 Nc6 3. Bc4 Nf6 4.
d3 Bc5 5. c3 h6 6. Nbd2 d6 7. O-O Bg4 8. Re1 O-O 9. h3 Bh5 10. Nf1 Na5 11. Bb5 c6 12. Ba4 b5 13. Bc2 Nb7 14.
Ng3 Bg6 15. Nh4 Bh7 16. Ngf5 Qd7 17. Qf3 Kh8 18. Nxh6 Qe6 19. N6f5 Rae8 20. g4 a5 21. Qg3 Bb6 22. Nf3 Ng8 23.
Bb3 Qg6 24. N5h4 1-0

[Event "NJSK 2026 Jeugd C"]
[Site "Helmond, Netherlands"]
[Date "2026.05.01"]
[Round "9.1"]
[White "Zhou, Yanyang"]
[Black "Teianu, Sabin"]
[Result "1/2-1/2"]
[TimeControl "90min/40moves + 30sec/move"]
[WhiteTitle "-"]
[BlackTitle "-"]
[WhiteFideId "40109739"]
[BlackFideId "1095846"]
[WhiteElo "1860"]
[BlackElo "2131"]

1. e4 e6 2. d4 d5 3. e5 c5 4. c3 Nc6 5. Nf3 Qb6 6. a3 c4 7. Nbd2 Na5 8. Rb1 Bd7 9. h4 Ne7 10.
h5 h6 11. Be2 Qc7 12. Nf1 O-O-O 13. Bf4 Kb8 14. Bg3 Nf5 15. Bh2 Ne7 16. Bg3 Nf5 17. Bh2 Ne7 18. Ne3 Nc8 19. Nd2 Nb6 20. Qc1 Ba4 21. O-O Be7 22.
Bd1 Bxd1 23. Qxd1 Qc6 24. Qe2 Qa4 25. f4 Nb3 26. Nxb3 Qxb3 27. f5 Bg5 28. fxe6 Bxe3+ 29. Qxe3 fxe6 30.
Qh3 Rde8 31. Qg4 Qc2 32. Rfc1 Qd3 33. Rd1 Qe3+ 34. Kh1 Qg5 35. Qxg5 hxg5 36. g4 g6 37. hxg6 Rh4 38. Rf1 Rg8 39.
Rf6 Rgh8 40. g7 Rxh2+ 41. Kg1 Rh1+ 42. Kf2 R1h2+ 43. Ke3 R2h3+ 44. Ke2 Rh2+ 45. Ke3 1/2-1/2

[Event "NJSK 2026 Jeugd C"]
[Site "Helmond, Netherlands"]
[Date "2026.05.01"]
[Round "9.2"]
[White "Lalkota, Sai Pranav Tejas"]
[Black "Guillaumond, Matthieu"]
[Result "0-1"]
[TimeControl "90min/40moves + 30sec/move"]
[WhiteTitle "-"]
[BlackTitle "-"]
[WhiteFideId "1087690"]
[BlackFideId "1097091"]
[WhiteElo "1830"]
[BlackElo "2104"]

1. c4 c5 2. Nc3 Nc6 3. g3 g6 4.
Bg2 Bg7 5. e3 e5 6. Nge2 Nge7 7. O-O O-O 8. f4 d6 9. e4 exf4 10. Nxf4 Nd4 11. d3 Nec6 12. Nfd5 a6 13. Bf4 Be6 14.
Qd2 b5 15. Bg5 f6 16. Be3 Rb8 17. Rac1 Qd7 18. Rf2 f5 19. b3 b4 20. Ne2 Nxe2+ 21. Qxe2 Bxd5 22. cxd5 Nd4 23. Qd2 a5 24.
Kh1 a4 25. Bxd4 Bxd4 26. Rff1 axb3 27. axb3 Ra8 28. Bh3 Qb7 29. Qh6 Ra2 30. Bg2 Qg7 31. Qxg7+ Kxg7 32. Rb1 Be5 33. Bf3 fxe4 34.
dxe4 Rfa8 35. Rfd1 R8a3 36. Kg1 c4 37. Rf1 Bd4+ 38. Kh1 c3 39. e5 c2 40. Rbc1 Be3 41. exd6 Bxc1 42. Rxc1 Ra1 0-1

[Event "NJSK 2026 Jeugd C"]
[Site "Helmond, Netherlands"]
[Date "2026.05.01"]
[Round "9.3"]
[White "Pathak, Raghav"]
[Black "Botter, Simon"]
[Result "0-1"]
[TimeControl "90min/40moves + 30sec/move"]
[WhiteTitle "-"]
[BlackTitle "-"]
[WhiteFideId "1084259"]
[BlackFideId "40107698"]
[WhiteElo "2091"]
[BlackElo "1988"]

1. e4 c5 2. Nf3 d6 3. d4 cxd4 4. Nxd4 Nf6 5. Nc3 a6 6. Be3 e5 7. Nb3 Be7 8. f3 Be6 9. Qd2 h5 10.
O-O-O Nbd7 11. Kb1 Rc8 12. Nd5 Nxd5 13. exd5 Bf5 14. Bd3 Bxd3 15. Qxd3 Bg5 16. Bf2 g6 17. h4 Bh6 18. Rhe1 Qc7 19.
c3 Nf6 20. f4 Bxf4 21. Qf3 Qe7 22. Bd4 Ng4 23. c4 Rxc4 24. Qxf4 Rxd4 25. Rxd4 exf4 26. Rxe7+ Kxe7 27. Rxf4 Nf6 28.
Rd4 Rc8 29. a4 b6 30. g3 Re8 31. Nd2 Rc8 32. Nf1 Ng4 33. Nd2 f5 34. Nc4 Rb8 35. b3 b5 36. Na5 Ne5 37. Kc2 bxa4 38.
Rxa4 Rb5 39. Nc4 Rxd5 40. Nxe5 Rxe5 41. Rxa6 Re3 42. b4 Kd7 43. b5 Kc7 44. Rc6+ Kd7 45. Rc3 Re5 46. b6 Rc5 47.
b7 Kc7 48. Kd3 Rxc3+ 49. Kxc3 Kxb7 50. Kd4 Kc6 51. Kc4 d5+ 52. Kd4 Kd6 53. Kd3 Ke5 54. Ke3 d4+ 55. Kf3 Kd5 56. Kf4 Kc4 57.
Kg5 d3 58. Kxg6 d2 59. Kxh5 d1=Q+ 60. Kh6 Qg4 61. h5 Kd5 62. Kh7 Ke6 63. h6 Ke5 0-1

[Event "NJSK 2026 Jeugd C"]
[Site "Helmond, Netherlands"]
[Date "2026.05.01"]
[Round "9.4"]
[White "Thijssen, Freek"]
[Black "Nadrshin, Oleg"]
[Result "1-0"]
[TimeControl "90min/40moves + 30sec/move"]
[WhiteTitle "-"]
[BlackTitle "-"]
[WhiteFideId "1091840"]
[BlackFideId "40111873"]
[WhiteElo "2159"]
[BlackElo "1894"]

1. e4 c5 2. Nf3 Nc6 3. d4 cxd4 4. Nxd4 Nf6 5. Nc3 e5 6. Ndb5 d6 7. Bg5 a6 8. Na3 b5 9. Nd5 Be7 10.
Bxf6 Bxf6 11. c3 O-O 12. Nc2 Rb8 13. h4 g6 14. g3 Bg7 15. h5 Be6 16. Nce3 a5 17. a3 Ne7 18. Bg2 Nxd5 19.
Nxd5 Bxd5 20. Qxd5 b4 21. axb4 axb4 22. c4 Ra8 23. O-O b3 24. Rfd1 Ra2 25. Rxa2 bxa2 26. Ra1 Qa8 27. Qxd6 Rd8 28.
Rxa2 Qxa2 29. Qxd8+ Bf8 30.
Qb8 Qxc4 31. Qxe5 Qc1+ 32. Bf1 gxh5 33. Kg2 Qc5 34. Qxc5 Bxc5 35. Be2 Kg7 36. Bxh5 Kf6 37. f4 Ke6 38.
Bg4+ Kf6 39. Bd1 Bb4 40. Kf3 Kg6 41. Bc2 Kg7 42. g4 Bd2 43. b3 h6 44. Bd3 f6 45. e5 fxe5 46. fxe5 Kf7 47. Bf5 Ke7 48. Ke4 Bb4 49.
Kd5 Bc3 50. Bg6 Kd7 51. Bh7 Ke7 52. Bd3 Kd7 53. Bc2 Ke7 54. Bb1 Kd7 55. Be4 Ke7 56.
Bf5 Bb4 57. Kc4 Ba5 58. b4 Bc7 59.
Kd5 Bb8 60. b5 Kd8 61. b6 Ke7 62. Be6 Kd8 63. Ke4 Ke7 64. Bd5 Kf8 65. Kf5 Ke7 66. e6 Bd6 67. Kg6 Bf4 68. b7 Ke8 69.
Kf6 Bd6 70. Bc6+ Kd8 71. b8=Q+ 1-0

[Event "NJSK 2026 Jeugd C"]
[Site "Helmond, Netherlands"]
[Date "2026.05.01"]
[Round "9.5"]
[White "Omnes, Tiago"]
[Black "Zhang, Xiheng"]
[Result "1/2-1/2"]
[TimeControl "90min/40moves + 30sec/move"]
[WhiteTitle "-"]
[BlackTitle "-"]
[WhiteFideId "1091867"]
[BlackFideId "40102386"]
[WhiteElo "1990"]
[BlackElo "2135"]

1. Nf3 Nf6 2. g3 g6 3. b3 Bg7 4. Bb2 O-O 5. Bg2 d6 6. d4 b5 7. Nfd2 c6 8. O-O d5 9. c4 bxc4 10.
bxc4 Bf5 11. Nc3 Bh6 12. e4 dxe4 13. Ncxe4 Nxe4 14. Nxe4 Nd7 15. g4 Bxe4 16. Bxe4 Rb8 17. Bc3 Qc7 18.
h3 Rfd8 19. Qf3 c5 20. d5 Bg7 21. Bxg7 Kxg7 22. Qd3 Rb6 23. Rab1 Rdb8 24. Rb3 Qf4 25. Bg2 Rb4 26. Re1 Ne5 27.
Qc3 1/2-1/2

[Event "NJSK 2026 Jeugd C"]
[Site "Helmond, Netherlands"]
[Date "2026.05.01"]
[Round "9.6"]
[White "Leenen, Boyd"]
[Black "Sosef, Noah"]
[Result "1-0"]
[TimeControl "90min/40moves + 30sec/move"]
[WhiteTitle "-"]
[BlackTitle "-"]
[WhiteFideId "1083937"]
[BlackFideId "40107060"]
[WhiteElo "2205"]
[BlackElo "2012"]

1. d4 Nf6 2. c4 g6 3. Nc3 Bg7 4. e4 d6 5. Nf3 O-O 6. Be2 e5 7. O-O a5 8. Be3 Na6 9. dxe5 dxe5 10.
Qc2 Re8 11. Rfd1 Qe7 12. a3 c6 13. Na4 Nd7 14. c5 Nc7 15. Rd2 Ne6 16. Rad1 Nf4 17. Bf1 Nf6 18. h3 h6 19. Nb6 Rb8 20.
Bxf4 exf4 21. e5 Nd5 22. Nxd5 cxd5 23. Rxd5 Be6 24. Rd6 Bf5 25. Qc3 Bxe5 26. Nxe5 Qxe5 27. Qxe5 Rxe5 28. b4 axb4 29.
axb4 Ra8 30. Rb6 Ra7 31. Bc4 Kg7 32. Bd5 Bc2 33. Rd2 Re1+ 34. Kh2 Be4 35. Bxe4 Rxe4 36. Rd7 Re1 37. Rbxb7 Raa1 38. Rxf7+ Kg8 39. Rxf4 1-0

[Event "NJSK 2026 Jeugd C"]
[Site "Helmond, Netherlands"]
[Date "2026.05.01"]
[Round "9.7"]
[White "Gupta, Akul"]
[Black "Lenting, Roan"]
[Result "1-0"]
[TimeControl "90min/40moves + 30sec/move"]
[WhiteTitle "-"]
[BlackTitle "-"]
[WhiteFideId "1084194"]
[BlackFideId "1085905"]
[WhiteElo "2017"]
[BlackElo "1986"]

1. d4 Nf6 2. Nc3 d5 3. Bf4 Bd7 4. Nf3 e6 5. a3 a6 6. e3 c5 7. Ne5 Nc6 8. Rb1 cxd4 9. exd4 Qb6 10.
Nxc6 bxc6 11. b4 a5 12. b5 Bxa3 13. Na4 Qa7 14. b6 Qb7 15. Nc5 Bxc5 16. dxc5 O-O 17. Bd3 e5 18. Bg5 Ne4 19.
Bxe4 dxe4 20. Be7 Rfe8 21. Bd6 a4 22. O-O f6 23. c4 e3 24. fxe3 Bc8 25. Ra1 Qa6 26. Qc2 Bb7 27. Ra3 Qa5 28.
Rfa1 Qb4 29. Kf2 Ra6 30. Rxa4 Rea8 31. Rxb4 Rxa1 32. Rb2 g6 33. Bc7 Kf7 34. Qd2 Bc8 35. b7 Bxb7 36. Rxb7 R8a2 37.
Rb2 1-0

[Event "NJSK 2026 Jeugd C"]
[Site "Helmond, Netherlands"]
[Date "2026.05.01"]
[Round "9.8"]
[White "Uitermark, Imre"]
[Black "Blok, Lukas"]
[Result "1/2-1/2"]
[TimeControl "90min/40moves + 30sec/move"]
[WhiteTitle "-"]
[BlackTitle "-"]
[WhiteFideId "40105199"]
[BlackFideId "40110494"]
[WhiteElo "1957"]
[BlackElo "1991"]

1. e4 d6 2. d4 Nf6 3. Nc3 g6 4.
Be3 c6 5. a4 a5 6. Qd2 Nbd7 7. f3 h5 8. h4 Bg7 9. Nh3 O-O 10. Ng5 Qc7 11. Rd1 Nb6 12. Be2 Re8 13. O-O e5 14.
b3 exd4 15. Bxd4 d5 16. Rfe1 dxe4 17. Ncxe4 Nxe4 18. Nxe4 Rd8 19. Qc3 Nd5 20. Qb2 Bxd4+ 21. Qxd4 Bf5 22. Bc4 Bxe4 23. Qxe4 Qg3 24.
Rd2 Rd7 25. Bxd5 cxd5 26. Qe5 Qxh4 27. Red1 Re7 28. Qxd5 Re1+ 29. Rxe1 Qxe1+ 30. Kh2 Qh4+ 31. Kg1 Qe1+ 32. Kh2 Qh4+ 33. Kg1 Qe1+ 1/2-1/2

[Event "NJSK 2026 Jeugd C"]
[Site "Helmond, Netherlands"]
[Date "2026.05.01"]
[Round "9.9"]
[White "Okita, Ryoga"]
[Black "Ozbek, Ahmet Naim"]
[Result "0-1"]
[TimeControl "90min/40moves + 30sec/move"]
[WhiteTitle "-"]
[BlackTitle "-"]
[WhiteFideId "1090666"]
[BlackFideId "40101975"]
[WhiteElo "1812"]
[BlackElo "1869"]

1. e4 e5 2. Nf3 Nc6 3. d4 exd4 4. Nxd4 Nf6 5. Nxc6 bxc6 6. Qe2 Rb8 7. e5 Nd5 8. c4 Bb4+ 9. Bd2 Nf4 10.
Qe3 Ne6 11. Bxb4 Rxb4 12. Qa3 Qe7 13. Bd3 Nf4 14. O-O O-O 15. Bc2 Qg5 16. g3 Rxc4 17. Nc3 c5 18. Kh1 Bb7+ 19. f3 Nh5 20.
Be4 Bxe4 21. Nxe4 Qxe5 22. Qxa7 d5 23.
Nd2 Rc2 24. Qa5 Qe2 25. Rad1 Rxb2 26. f4 Nf6 27. Rfe1 Qd3 0-1

[Event "NJSK 2026 Jeugd C"]
[Site "Helmond, Netherlands"]
[Date "2026.05.01"]
[Round "9.10"]
[White "Suthan, Aadvik"]
[Black "Huang, Vincent"]
[Result "0-1"]
[TimeControl "90min/40moves + 30sec/move"]
[WhiteTitle "-"]
[BlackTitle "-"]
[WhiteFideId "1095765"]
[BlackFideId "40104184"]
[WhiteElo "1822"]
[BlackElo "1855"]

1. e4 c5 2. Nf3 d6 3. d4 cxd4 4. Nxd4 Nf6 5. Nc3 g6 6. Be3 Bg7 7. f3 O-O 8. g4 Nc6 9. h4 h5 10.
g5 Nd7 11. Qd2 Nxd4 12. Bxd4 Bxd4 13. Qxd4 Qb6 14. Qxb6 Nxb6 15. O-O-O Rd8 16. f4 Bg4 17. Be2 Bxe2 18. Nxe2 d5 19.
e5 e6 20. Nd4 Rac8 21. b3 a6 22. Kb2 Rc7 23. Rhe1 Rdc8 24. Rd2 Nd7 25. Ne2 Nb8 26. Red1 Nc6 27. a3 b5 28. Rc1 Na5 29.
Nd4 Rb7 30. Rd3 Rbc7 31. Re1 Kf8 32. Ree3 Ke7 33. Rc3 Kd7 34. Rxc7+ Rxc7 35. Rc3 Nc6 36. Nxc6 Rxc6 37. Rd3 Rc5 38.
Rd4 Kc6 39. a4 Kb6 40. c3 Rc7 41. axb5 axb5 42. Rd1 Ra7 43. Rd4 Kc5 44. Rd1 Ra6 45. Re1 Ra7 46. Re3 Ra8 47. Rd3 Ra7 48.
b4+ Kb6 49. Rd1 Kc6 50. Rd2 Rd7 51. Kc2 Ra7 52. Kd3 Ra1 53. Rh2 Rg1 54. Ke3 Rg3+ 55. Kd2 Rf3 56. Ke2 Rxf4 57. Kd3 Rf3+ 58.
Kd4 Rf1 59. Kd3 Rf4 60. Rh3 Kd7 61. Rh2 Re4 62. Rh3 Rxe5 63. Rh2 Re4 64. Rh3 Ke7 65. Rh2 f6 66. gxf6+ Kxf6 67. Rf2+ Ke5 68.
Rg2 Rg4 69. Re2+ Kd6 70. Rh2 e5 71. Rh3 Ke6 72. Rh2 Kf5 73. Rf2+ Rf4 74. Rh2 g5 75. hxg5 Kxg5 76. Rg2+ Kf5 77.
Ke3 d4+ 78. cxd4 Rxd4 79. Rf2+ Rf4 80. Rh2 h4 81. Rb2 h3 82. Kd3 Kg4 83. Rb1 h2 84. Ke3 Kg3 85. Ra1 Rh4 86. Rh1 Kg2 87. Ra1 h1=Q 88. Rxh1 Kxh1 89. Kd3 Rxb4 90. Kc3 Rd4 91. Kb3 e4 92.
Kc3 Rd3+ 93. Kb4 e3 94. Kxb5 e2 95. Kc4 Rd8 96. Kc5 e1=Q 97. Kc6 Qc3+ 98. Kb6 Rb8+ 99. Ka7 Qc7+ 100. Ka6 Qb6# 0-1

[Event "NJSK 2026 Jeugd C"]
[Site "Helmond, Netherlands"]
[Date "2026.05.01"]
[Round "9.11"]
[White "Shaikh, Rushaan"]
[Black "Nair, Pranav Prasobh"]
[Result "1/2-1/2"]
[TimeControl "90min/40moves + 30sec/move"]
[WhiteTitle "-"]
[BlackTitle "-"]
[WhiteFideId "40113604"]
[BlackFideId "40109135"]
[WhiteElo "1842"]
[BlackElo "1747"]

1. d4 Nf6 2. Bg5 d5 3. Bxf6 exf6 4. e3 Bd6 5. c4 dxc4 6. Bxc4 O-O 7. Nf3 Nd7 8. O-O g6 9. Nc3 f5 10.
Qd3 Nf6 11. Rac1 c6 12. a4 Re8 13. Rfd1 a6 14. Ra1 b6 15. h3 Bb7 16. d5 c5 17. Nd2 Be5 18. Nf3 Qd6 19. Rab1 Ne4 20.
Nxe5 Rxe5 21. Nxe4 fxe4 22. Qd2 b5 23. axb5 axb5 24. Bxb5 Rxd5 25. Qc2 Rd8 26. Rxd5 Qxd5 27. Rc1 Bc6 28.
Be2 Rb8 29. Rd1 Qe5 30. b3 Qe7 31. Bc4 Bb5 32. Bxb5 Rxb5 33. Qc3 Rb8 34. Rd5 Rc8 35. Re5 Qb7 36. Qc4 Rb8 37. Rxc5 Qxb3 38.
Rc8+ Kg7 39. Qd4+ Kh6 40. Rxb8 Qxb8 41. Qxe4 Qb3 42. g4 Qd1+ 43. Kg2 Qd8 44. Kg3 g5 45. f4 gxf4+ 46. exf4 Qb6 47.
g5+ Kg7 48. Qe5+ Kg8 49. Qe2 Qc6 50. Qf3 Qxf3+ 51. Kxf3 f6 52. Kg4 fxg5 53. Kxg5 Kg7 54. h4 Kf7 55. Kh6 Kg8 56. h5 Kh8 57.
Kg5 Kg7 58. h6+ Kf7 59. Kf5 Ke7 60. Ke5 Kf7 61. f5 Ke7 62. f6+ Kf7 63. Kf5 Kf8 64. Ke6 Ke8 65. f7+ Kf8 66. Kf6 1/2-1/2

[Event "NJSK 2026 Jeugd C"]
[Site "Helmond, Netherlands"]
[Date "2026.05.01"]
[Round "9.12"]
[White "Koppenens, Oscar"]
[Black "De Wit, Jim"]
[Result "1-0"]
[TimeControl "90min/40moves + 30sec/move"]
[WhiteTitle "-"]
[BlackTitle "-"]
[WhiteFideId "1087940"]
[BlackFideId "1097326"]
[WhiteElo "2036"]
[BlackElo "1749"]

1. e4 c5 2. Nf3 a6 3. c4 Nc6 4. d4 cxd4 5. Nxd4 e5 6. Nf5 d5 7. cxd5 Bxf5 8. exf5 Nd4 9. Nc3 Nf6 10.
Bd3 Nxd5 11. Be4 Nxc3 12. bxc3 Nc6 13. Qxd8+ Rxd8 14. Rb1 Na5 15. Bxb7 Rb8 16. Be4 Rc8 17. O-O Bc5 18. Bd3 Ra8 19. Bxa6 O-O 20. Bb5 Rfc8 21.
a4 Nb7 22. Re1 Bd6 23. Bb2 f6 24. Red1 Bf8 25. Ra1 Nd6 26. Bd7 Rd8 27. Be6+ Kh8 28. c4 Rdb8 29. Bc3 Ne4 30. Be1 Nc5 31.
a5 Nxe6 32. fxe6 Ra6 33. Rdb1 Rba8 34. Bb4 Bxb4 35. Rxb4 Rxe6 36. a6 Rd8 37. a7 Ra6 38. Rbb1 Rxa1 39. Rxa1 Ra8 40. Rb1 1-0

[Event "NJSK 2026 Jeugd C"]
[Site "Helmond, Netherlands"]
[Date "2026.05.01"]
[Round "9.13"]
[White "Nguyen, Paul"]
[Black "Ngangbam, Chingthang"]
[Result "0-1"]
[TimeControl "90min/40moves + 30sec/move"]
[WhiteTitle "-"]
[BlackTitle "-"]
[WhiteFideId "1095072"]
[BlackFideId "1086510"]
[WhiteElo "1845"]
[BlackElo "1937"]

1. e4 c5 2. Nf3 Nc6 3. d4 cxd4 4. Nxd4 Nf6 5. Nc3 e5 6. Nf3 Bb4 7. Bg5 Bxc3+ 8. bxc3 h6 9. Bxf6 Qxf6 10.
Bc4 d6 11. h3 O-O 12. Qe2 Qg6 13. O-O-O Be6 14. Bb3 Rfd8 15. g4 Rac8 16. Qe3 b5 17. Nh4 Qf6 18. Nf5 Bxf5 19. gxf5 b4 20.
Rhg1 Kh7 21. cxb4 Nxb4 22. Qxa7 d5 23. Rg4 Nxc2 24. Bxc2 Qc6 25. Rd2 Qc3 26. Qb7 dxe4 27. Re2 Qa3+ 28.
Qb2 Qd3 29. Qxe5 Qd1+ 30. Kb2 Rb8+ 31. Ka3 Ra8+ 32. Kb4 Rdb8+ 33. Kc5 Ra5+ 34. Kc6 Rc8+ 35. Kb6 Qd8+ 36. Kb7 Qd7+ 37. Kb6 Qa7# 0-1